 Dungeon Crawl Stone Soup version 0.31-a0-360-gb3e1d13bf4 (webtiles) character file.

Game seed: 5481240965135209657

133 promet the Magician (level 4, -1/25 HPs)
             Began as a Deep Elf Hedge Wizard on July 27, 2023.
             Slain by an orc wizard
             ... wielding a +0 dagger
              (2 damage)
             ... on level 4 of the Dungeon.
             The game lasted 00:13:51 (3908 turns).

promet the Magician (Deep Elf Hedge Wizard)         Turns: 3908, Time: 00:13:52

Health: -1/25      AC:  4    Str:  9    XL:     4   Next: 94%
Magic:  13/13      EV: 13    Int: 19    God:
Gold:   101        SH:  0    Dex: 14    Spells: 8/14 levels left

rFire   . . .        a - +0 rapier
rCold   . . .        (no shield)
rNeg    . . .        n - +0 robe
rPois   .            c - +1 hat
rElec   .            h - +0 cloak
rCorr   .            (no gloves)
SInv    .            (no boots)
Will    .....        (no amulet)
Stlth   +            (no ring)
HPRegen 0.24/turn    (no ring)
MPRegen 0.13/turn

%: no passive effects
@: confused
A: no striking features
a: no special abilities


You were on level 4 of the Dungeon.
You visited 1 branch of the dungeon, and saw 4 of its levels.

You collected 101 gold pieces.

Inventory:

Hand Weapons
 a - a +0 rapier (weapon)
 b - a +0 sling
 g - a +0 mace
Missiles
 e - 17 stones (quivered)
Armour
 c - a +1 hat (worn)
 h - a +0 cloak (worn)
 n - a +0 robe (worn)
Scrolls
 k - 4 scrolls of teleportation
 l - a scroll of blinking
Potions
 d - a potion of magic
 f - a potion of berserk rage
 i - a potion of degeneration {unknown}
 j - a potion of might {unknown}
 m - a potion of haste {unknown}


   Skills:
 * Level 1.0 Fighting
 + Level 1.8 Short Blades
 + Level 3.0 Dodging
 + Level 2.9 Stealth
 + Level 5.9 Spellcasting
 + Level 1.7 Conjurations
 + Level 0.2 Hexes
 + Level 1.3 Summonings
 + Level 1.1 Translocations


You had 8 spell levels left.
You knew the following spells:

 Your Spells              Type           Power      Damage    Failure   Level
a - Magic Dart            Conj           48%        1d5       5%          1
b - Slow                  Hex            24%        N/A       11%         1
c - Blink                 Tloc           18%        N/A       11%         2
d - Call Imp              Summ           20%        N/A       10%         2

Your spell library contained the following spells:

 Spells                   Type           Power      Damage    Failure   Level
 Cigotuvi's Dreadful Rot  Necr/Pois/Air  10%        N/A       17%         2
 Mephitic Cloud           Conj/Pois/Air  7%         N/A       26%         3


Dungeon Overview and Level Annotations

Branches:
Dungeon (4/15)
 Temple: D:4-7

Altars:


Message History

The orc wizard flickers and vanishes!
Deactivating autopickup; reactivate with Ctrl-A.
The orc shouts!
You hear a shout!
a - a +0 rapier (weapon)
You hear some strange, mumbled words.
Something tries to affect you, but you resist.
You hit something.
You hear some strange, mumbled words.
A puff of flame appears from out of thin air!
The puff of flame hits you.
You closely miss something.
You hear some strange, mumbled words.
A puff of flame appears from out of thin air!
The puff of flame hits you!
You barely miss something. Something hits you.
You hit something but do no damage.
You hear some strange, mumbled words.
You are confused.
You bump into the rock wall.
Something hits you but does no damage.
You're too confused to cast spells.
Okay, then.
You're too confused to cast spells.
Okay, then.
Unknown command.
You're too confused to cast spells.
You bump into the rock wall.
Something hits you.
You bump into the rock wall.
Something hits you but does no damage.
Unknown command.
Something hits you but does no damage.
You are too confused!
Unknown command.
You are too confused!
Unknown command.
You bump into the rock wall.
You hear some strange, mumbled words.
A magic dart appears from out of thin air!
The magic dart hits you!
* * * LOW HITPOINT WARNING * * *
Something hits you.
You die...

######## .o .......# .#
.......# .# .......# o#
......[# .# .......# .#
##.....#################.##.#.#
................@{Soo..........
##.....#################.##.#.#
.................# .#
####.###########.# .# # #.....#
#.## .# # #.....########..####
.# ###...............)..###S.
.................###...####
.................#####....##


You could see an orc wizard, an orc and a ball python.

Vanquished Creatures
  Terence (D:3)
  2 adders (D:2)
  A worm (D:3)
  A dart slug (D:2)
  An orc (D:3)
  3 bats
  5 endoplasms
  5 giant cockroaches
  4 goblins
  3 hobgoblins
  4 jackals (D:2)
  2 quokkas
  4 ball pythons (D:1)
  2 frilled lizards
  3 kobolds
  3 rats (D:1)
44 creatures vanquished.

Vanquished Creatures (collateral kills)
  3 adders (D:2)
  An orc (D:3)
  2 endoplasms
  A giant cockroach (D:3)
  2 ball pythons
9 creatures vanquished.

Grand Total: 53 creatures vanquished

Notes
Turn   | Place    | Note
-------+----------+-------------------------------------------
     0 | D:1      | promet the Deep Elf Hedge Wizard began the quest for the
                  | Orb.
     0 | D:1      | Reached XP level 1. HP: 10/10 MP: 7/7
   360 | D:1      | Reached XP level 2. HP: 15/15 MP: 9/9
   408 | D:1      | Found Hyiw Veve's Book Shoppe.
   444 | D:1      | Reached skill level 5 in Spellcasting
  1022 | D:1      | Learned a level 1 spell: Slow
  1025 | D:1      | Learned a level 2 spell: Blink
  1028 | D:1      | Learned a level 2 spell: Call Imp
  1645 | D:2      | Reached XP level 3. HP: 14/19 MP: 0/11
  1804 | D:2      | Reached skill level 1 in Short Blades
  1826 | D:2      | Reached XP level 4. HP: 18/24 MP: 5/13
  2673 | D:2      | You fall into a shaft and drop 1 floor!
  2793 | D:3      | Noticed Terence
  2837 | D:3      | Killed Terence
  2838 | D:3      | Reached skill level 1 in Fighting
  3823 | D:4      | Noticed a scorpion
  3907 | D:4      | HP: 1/25 [something/magic dart (8)]
  3908 | D:4      | Slain by an orc wizard

Illustrated notes

Levels and vault maps discovered:
D:1:      tarquinn_simple_flora_water_b, layout_basic, serial_shops, shop
D:2:      layout_loops_ring
D:3:      layout_basic, kennysheep_generic_room_6, uniq_terence
D:4:      layout_basic

Skill      XL: |  1  2  3  4 |
---------------+-------------+-----
Spellcasting   | 5 |  5.9
Short Blades   | 1 |  1.8
Fighting       | 1 |  1.0
Dodging        | 3 |  3.0
Stealth        | |  2.9
Conjurations   | |  1.7
Hexes          | |  0.2
Summonings     | |  1.3
Translocations | |  1.1

Action                     |  1- 3 |  4- 6 || total
---------------------------+-------+-------++-------
  Melee: Dagger            |    63 |    54 ||   117
         Punch             |     2 |     1 ||     3
         Rapier            |       |    46 ||    46
   Fire: Sling             |       |     6 ||     6
   Cast: Magic Dart        |    44 |     8 ||    52
         Slow              |     8 |       ||     8
         Call Imp          |     3 |     9 ||    12
    Use: Scroll            |     2 |     3 ||     5
         Potion            |       |     1 ||     1
   Stab: Sleeping          |     4 |     2 ||     6
 Armour: Robe              |    11 |    24 ||    35
  Dodge: Dodged            |    47 |    73 ||   120

Table legend: (Time is in decaauts)
 A = Elapsed time spent in this place.
 B = Non-inter-level travel time spent in this place.
 C = Inter-level travel time spent in this place.
 D = Time resting spent in this place.
 E = Time spent auto-exploring this place.
 F = Levels seen in this place.
 G = Mean time per level.
                   A        B        C        D        E       F      G
               +--------+--------+--------+--------+--------+-----+--------+
         Total |   3916 |   3901 |     15 |   1377 |   1507 |   4 |  979.0 |
       Dungeon |   3916 |   3901 |     15 |   1377 |   1507 |   4 |  979.0 |
               +--------+--------+--------+--------+--------+-----+--------+

Top non-repeatable levels by time:
     D:2: 1423 daAuts
     D:1: 1245 daAuts
     D:3: 1033 daAuts
     D:4: 213 daAuts
